 Dungeon Crawl Stone Soup version 0.31-a0-187-gba352fbbf7 (webtiles) character file.

Game seed: 16624875737582651716

111 qw the Skirmisher (level 4, 0/25 HPs)
             Began as a Deep Elf Hunter on June 22, 2023.
             Slain by Natasha (7 damage)
             ... on level 3 of the Dungeon.
             The game lasted 00:00:41 (1894 turns).

qw the Skirmisher (Deep Elf Hunter)                 Turns: 1894, Time: 00:00:42

Health: 0/25       AC:  5    Str: 10    XL:     4   Next: 62%
Magic:  6/6        EV: 12    Int: 14    God:
Gold:   136        SH:  0    Dex: 18    Spells: 3/3 levels left

rFire   . . .        Y - +1 shortbow
rCold   . . .        (shield currently unavailable)
rNeg    . . .        c - +0 leather armour
rPois   .            (no helmet)
rElec   .            (no cloak)
rCorr   .            b - +1 pair of gloves
SInv    .            (no boots)
Will    .....        (no amulet)
Stlth   ++           (no ring)
HPRegen 0.24/turn    (no ring)
MPRegen 0.10/turn

%: no passive effects
@: about to teleport
A: no striking features
a: no special abilities


You were on level 3 of the Dungeon.
You visited 1 branch of the dungeon, and saw 3 of its levels.

You collected 136 gold pieces.


   Skills:
 - Level 1.5 Fighting
 + Level 8.0 Ranged Weapons
 - Level 2.4 Dodging
 - Level 1.2 Stealth


You had 3 spell levels left.
You didn't know any spells.
Your spell library was empty.

Inventory:

Hand Weapons
 Y - a +1 shortbow (weapon)
Armour
 a - a +0 scale mail
 b - a +1 pair of gloves (worn)
 c - a +0 leather armour (worn)
 h - a +0 ring mail
Scrolls
 g - a scroll of teleportation
 i - a scroll of silence {unknown}
Potions
 d - a potion of enlightenment
 e - a potion of brilliance {unknown}
 f - a potion of magic {unknown}

Dungeon Overview and Level Annotations

Branches:
Dungeon (3/15)

Altars:

Shops:
D:2 (

Annotations:
D:3 Natasha


Message History

HP restored.
Natasha, Servant of Life and Death comes into view.
Natasha hisses angrily.
Enter note:
Enter note: You shoot an arrow.
The arrow hits Natasha!
Natasha is heavily wounded.
You shoot an arrow. The arrow completely misses Natasha.
Natasha closely misses you.
You shoot an arrow. The arrow closely misses Natasha.
Natasha closely misses you.
You shoot an arrow. The arrow barely misses Natasha.
Natasha claws you.
You shoot an arrow. The arrow hits Natasha.
Natasha is severely wounded.
Natasha stares at you and mumbles some strange words.
You resist with some effort.
You shoot an arrow. The arrow barely misses Natasha.
Natasha casts a spell.
You shoot an arrow. The arrow barely misses Natasha.
Natasha casts a spell at you. The magic dart hits you.
The cerulean imp hits you with a +0 spear.
You shoot an arrow. The arrow closely misses Natasha.
Natasha barely misses you. The cerulean imp barely misses you.
You shoot an arrow. The arrow hits Natasha.
Natasha is almost dead.
Natasha claws you.
The cerulean imp hits you with a +0 spear.
1893 ||| READING 2 scrolls of teleportation.
As you read the scroll of teleportation, it crumbles to dust.
You feel strangely unstable.
Natasha mumbles some strange words.
Natasha's front paws start to glow.
Natasha barely misses you. The cerulean imp barely misses you.
You shoot an arrow.
The arrow hits Natasha but does no damage.
Natasha is almost dead.
Natasha claws you!
You die...

# #..#### #.# #
#.....# #.# # #.###.#
#.# ## #.# #.###.# .#
#.# #.#...# .#
#.###.#.### .#
#........# .####
#####.#..#
....#########.#5@#
###...#.......#.h#
###.#.#######..######
#...### #..........
##....###.#########
##.#.............
#.######.....### #.#
#####..# #.# ..#


You could see Natasha and a cerulean imp (summoned).

Vanquished Creatures
  Natasha (D:3)
  An adder (D:3)
  A worm (D:2)
  2 dart slugs
  5 ball pythons
  4 bats
  4 endoplasms
  3 giant cockroaches (D:1)
  6 goblins
  8 hobgoblins
  8 jackals
  7 kobolds
  3 quokkas
  6 frilled lizards
  2 rats
61 creatures vanquished.

Notes
Turn   | Place    | Note
-------+----------+-------------------------------------------
     0 | D:1      | qw the Deep Elf Hunter began the quest for the Orb.
     0 | D:1      | Reached XP level 1. HP: 12/12 MP: 3/3
     0 | D:1      | 0 ||| qw: Version: 0.3-a-9-g12657ce
     0 | D:1      | 0 ||| qw: Game counter: 2591
     0 | D:1      | 0 ||| qw: Always use a shield: true
     0 | D:1      | 0 ||| qw: God list: Okawaru
     0 | D:1      | 0 ||| qw: Allow faded altars: false
     0 | D:1      | 0 ||| qw: Do Orc after D:15 true
     0 | D:1      | 0 ||| qw: Do second Lair branch before Depths: true
     0 | D:1      | 0 ||| qw: Lair rune preference: random
     0 | D:1      | 0 ||| qw: Plans: Normal
     0 | D:1      | 0 ||| PLANNING D:1-11
    65 | D:1      | Reached XP level 2. HP: 16/16 MP: 4/4
    70 | D:1      | Reached skill level 6 in Ranged Weapons
   278 | D:1      | Reached XP level 3. HP: 20/20 MP: 5/5
   644 | D:1      | Reached skill level 7 in Ranged Weapons
   834 | D:1      | 834 ||| READING scroll labelled APISAD EDOU.
   835 | D:1      | 835 ||| READING scroll labelled ONYROKADAU.
   836 | D:1      | 836 ||| READING scroll labelled PAQIGICVOEFE.
   837 | D:1      | 837 ||| READING scroll labelled FOASIDEXTI.
   874 | D:1      | 874 ||| READING scroll labelled XYTISU JOCWI.
   875 | D:1      | 875 ||| DROPPING scroll of butterflies.
   904 | D:2      | Found Xyzuu's Weapon Emporium.
  1281 | D:2      | Reached XP level 4. HP: 25/25 MP: 6/6
  1522 | D:2      | 1522 ||| UPGRADING to +0 pair of gloves.
  1527 | D:2      | 1527 ||| READING scroll of enchant armour.
  1527 | D:2      | 1527 ||| ENCHANTING +0 pair of gloves.
  1528 | D:2      | 1528 ||| READING 3 scrolls labelled YSEV DEGAB.
  1533 | D:2      | 1533 ||| READING scroll labelled ZUTHUD QIBOUHU.
  1534 | D:2      | 1534 ||| DRINKING 2 murky blue potions.
  1798 | D:3      | Noticed Natasha
  1806 | D:3      | Killed Natasha
  1807 | D:3      | Reached skill level 8 in Ranged Weapons
  1883 | D:3      | Noticed Natasha
  1892 | D:3      | HP: 6/25 [cerulean imp/+0 spear[Natasha] (3)]
  1893 | D:3      | 1893 ||| READING 2 scrolls of teleportation.
  1894 | D:3      | Slain by Natasha

Levels and vault maps discovered:
D:1:      mrwooster_arrival_statue, layout_basic, minmay_cupped
D:2:      kb_forest_paths, layout_basic, serial_shops,
          nicolae_shop_bloodbath_and_beyond, nrook_campfire,
          minmay_misc_feat_hallway
D:3:      layout_basic, hellmonk_ecumenical_altar_arch_garden, uniq_natasha

Skill      XL: |  1  2  3  4 |
---------------+-------------+-----
Ranged Weapons | 6 7 8 |  8.0
Fighting       | |  1.5
Dodging        | |  2.4
Stealth        | |  1.2

Action                     |  1- 3 |  4- 6 || total
---------------------------+-------+-------++-------
   Fire: Shortbow          |   122 |    35 ||   157
    Use: Scroll            |     5 |     4 ||     9
         Potion            |       |     1 ||     1
 Armour: Leather armour    |     9 |       ||     9
  Dodge: Dodged            |    29 |     6 ||    35

Table legend:
 A = Non-vault XP
 B = Vault XP
 C = Vault XP percentage of total XP
 D = Non-vault monster count
 E = Vault monster count
 F = Vault count percentage of total count
                 A         B        C        D         E       F
            +---------+---------+-------+---------+---------+-------
      Total |     104 |      55 |  34.6 |      50 |      11 |  18.0
            +---------+---------+-------+---------+---------+-------
        D:1 |      61 |       8 |  11.6 |      32 |       4 |  11.1
        D:2 |      22 |      12 |  35.3 |      12 |       6 |  33.3
        D:3 |      21 |      35 |  62.5 |       6 |       1 |  14.3
            +---------+---------+-------+---------+---------+-------
